[ AOE2 MATCH · #483588674 ]
UnrankedHuns vs Franks
Player's team · WIN
Rival team · LOSS
[ REPLAY ANALYSIS · EXTRACTED FROM THE RECORDED GAME ]
Feudal
9:41
Castle
21:34
Imperial
—
| APM avg | 35.7 |
| APM peak | 66 |
| eAPM avg | 17.0 |
| Villagers / military | 67 / 80 |
Focus
⚔️ 32.4% · 🌾 67.6%
Knight ×45 · Spearman ×24 · Battering Ram ×8 · Scout Cavalry ×3
Feudal
—
Castle
—
Imperial
—
| APM avg | 37.1 |
| APM peak | 70 |
| eAPM avg | 17.0 |
| Villagers / military | 100 / 121 |
Focus
⚔️ 26.3% · 🌾 73.7%
Militia ×74 · Knight ×37 · Spearman ×7 · Scout Cavalry ×3
Match map
Initial resources + every placement click. Lines = walls · curves = elevation contours. ◆ gold · ⬟ stone · ● berries · ✦ relic · ◌ wall gap
Your base· Open — opponent sealed themselves in
giorgiosgl5685's base· ✓ Closed at 18:34 · 29t walls · no gate
Smoothed initial terrain · ◌ = detected wall gap · hover for details
Inputs per minute
— pozzamate - - giorgiosgl5685
Build order — pozzamate
First 150 of 190 actions detected
| 0:02 | Create | Villager (Male) |
| 0:02 | Create | Villager (Male) |
| 0:02 | Create | Villager (Male) |
| 0:13 | Create | Villager (Male) |
| 0:13 | Create | Villager (Male) |
| 1:20 | Create | Villager (Male) |
| 2:00 | Create | Villager (Male) |
| 2:00 | Create | Villager (Male) |
| 2:32 | Create | Villager (Male) |
| 2:32 | Create | Villager (Male) |
| 2:33 | Create | Villager (Male) |
| 2:39 | Build | Lumber Camp |
| 2:54 | Create | Villager (Male) |
| 3:23 | Create | Villager (Male) |
| 3:24 | Create | Villager (Male) |
| 3:53 | Create | Villager (Male) |
| 3:53 | Create | Villager (Male) |
| 3:53 | Create | Villager (Male) |
| 3:54 | Create | Villager (Male) |
| 5:06 | Create | Villager (Male) |
| 5:06 | Create | Villager (Male) |
| 5:11 | Build | Mill |
| 5:44 | Create | Villager (Male) |
| 5:45 | Create | Villager (Male) |
| 6:11 | Research | Loom |
| 7:06 | Create | Villager (Male) |
| 7:31 | Research | Feudal Age |
| 7:31 | Research | Feudal Age |
| 8:05 | Build | Barracks |
| 9:16 | Create | Villager (Male) |
| 9:16 | Create | Villager (Male) |
| 9:41 | Age | Feudal Age |
| 9:54 | Build | Stable |
| 9:56 | Create | Spearman |
| 10:22 | Create | Spearman |
| 10:32 | Build | Farm |
| 10:34 | Create | Villager (Male) |
| 10:35 | Create | Villager (Male) |
| 10:39 | Research | Double-Bit Axe |
| 10:40 | Research | Double-Bit Axe |
| 11:09 | Create | Scout Cavalry |
| 11:09 | Create | Scout Cavalry |
| 11:11 | Create | Scout Cavalry |
| 11:32 | Build | Farm |
| 11:35 | Build | Farm |
| 11:52 | Create | Villager (Male) |
| 11:52 | Create | Villager (Male) |
| 12:00 | Build | Farm |
| 12:02 | Research | Horse Collar |
| 12:03 | Research | Horse Collar |
| 12:22 | Build | Lumber Camp |
| 12:36 | Create | Villager (Male) |
| 12:50 | Build | Farm |
| 13:11 | Create | Villager (Male) |
| 13:11 | Create | Villager (Male) |
| 13:14 | Build | Farm |
| 13:21 | Create | Spearman |
| 13:29 | Build | Farm |
| 13:31 | Build | Farm |
| 13:32 | Build | Farm |
| 13:36 | Build | Farm |
| 13:54 | Build | Farm |
| 14:01 | Create | Villager (Male) |
| 14:04 | Build | Farm |
| 14:12 | Build | Farm |
| 14:23 | Create | Villager (Male) |
| 14:28 | Create | Spearman |
| 14:46 | Build | Farm |
| 14:59 | Research | Wheelbarrow |
| 15:25 | Build | Farm |
| 15:49 | Build | Farm |
| 15:50 | Build | Farm |
| 15:56 | Build | Mining Camp |
| 16:12 | Create | Villager (Male) |
| 16:22 | Build | Blacksmith |
| 16:35 | Create | Villager (Male) |
| 17:00 | Create | Villager (Male) |
| 17:12 | Build | Farm |
| 17:17 | Build | Farm |
| 17:21 | Build | Farm |
| 17:24 | Build | Farm |
| 17:33 | Create | Villager (Male) |
| 17:58 | Create | Villager (Male) |
| 18:27 | Create | Villager (Male) |
| 18:54 | Research | Castle Age |
| 18:55 | Research | Castle Age |
| 19:06 | Build | Stable |
| 19:08 | Research | Forging |
| 19:08 | Research | Forging |
| 19:40 | Research | Scale Mail Armor |
| 19:42 | Create | Spearman |
| 19:42 | Create | Spearman |
| 20:16 | Research | Bloodlines |
| 20:17 | Research | Bloodlines |
| 20:26 | Create | Spearman |
| 20:52 | Build | Gate |
| 20:59 | Build | Stone Wall |
| 21:17 | Build | Stone Wall |
| 21:34 | Age | Castle Age |
| 21:36 | Research | Scale Barding Armor |
| 21:41 | Create | Knight |
| 21:41 | Create | Knight |
| 21:44 | Create | Villager (Male) |
| 21:45 | Create | Villager (Male) |
| 21:49 | Research | Bow Saw |
| 21:49 | Research | Bow Saw |
| 21:54 | Research | Pikeman (upgrade) |
| 22:10 | Build | Gate |
| 22:23 | Create | Villager (Male) |
| 22:26 | Research | Gold Mining |
| 22:26 | Research | Gold Mining |
| 22:58 | Research | Iron Casting |
| 22:59 | Research | Iron Casting |
| 23:10 | Create | Villager (Male) |
| 23:11 | Create | Villager (Male) |
| 23:11 | Create | Villager (Male) |
| 23:12 | Create | Villager (Male) |
| 23:27 | Build | Stone Wall |
| 24:04 | Create | Villager (Male) |
| 24:24 | Create | Spearman |
| 24:24 | Create | Spearman |
| 24:24 | Create | Spearman |
| 24:25 | Create | Spearman |
| 24:31 | Build | Barracks |
| 25:23 | Create | Spearman |
| 25:25 | Create | Spearman |
| 25:25 | Create | Spearman |
| 25:26 | Create | Spearman |
| 25:31 | Create | Knight ×5 |
| 25:57 | Build | Market |
| 26:05 | Build | Mining Camp |
| 26:14 | Create | Spearman |
| 26:15 | Create | Spearman |
| 26:20 | Create | Villager (Male) |
| 26:20 | Create | Villager (Male) |
| 26:20 | Create | Villager (Male) |
| 26:21 | Create | Villager (Male) |
| 26:32 | Create | Knight |
| 26:33 | Create | Knight |
| 26:34 | Create | Knight |
| 26:34 | Create | Knight |
| 26:53 | Create | Villager (Male) |
| 28:12 | Build | Farm |
| 28:30 | Build | Palisade Wall |
| 28:33 | Build | Palisade Wall |
| 28:36 | Build | Palisade Wall |
| 28:38 | Build | Palisade Wall |
| 28:50 | Create | Villager (Male) |
| 28:51 | Create | Villager (Male) |
| 28:52 | Build | Farm |
Build order — giorgiosgl5685
First 150 of 288 actions detected
| 0:00 | Create | Villager (Male) |
| 0:01 | Create | Villager (Male) |
| 0:01 | Create | Villager (Male) |
| 0:02 | Build | House |
| 0:04 | Build | House |
| 0:04 | Create | Villager (Male) |
| 1:23 | Create | Villager (Male) |
| 1:23 | Create | Villager (Male) |
| 1:46 | Build | Lumber Camp |
| 2:00 | Create | Villager (Male) |
| 2:01 | Create | Villager (Male) |
| 2:21 | Create | Villager (Male) |
| 2:56 | Create | Villager (Male) |
| 2:56 | Create | Villager (Male) |
| 3:00 | Build | House |
| 3:14 | Create | Villager (Male) |
| 3:42 | Create | Villager (Male) |
| 3:43 | Create | Villager (Male) |
| 4:05 | Create | Villager (Male) |
| 4:05 | Create | Villager (Male) |
| 4:13 | Build | Mill |
| 4:38 | Create | Villager (Male) |
| 4:38 | Create | Villager (Male) |
| 4:43 | Create | Villager (Male) |
| 4:43 | Create | Villager (Male) |
| 5:21 | Create | Villager (Male) |
| 5:22 | Create | Villager (Male) |
| 5:22 | Create | Villager (Male) |
| 5:22 | Create | Villager (Male) |
| 6:10 | Research | Loom |
| 7:17 | Research | Feudal Age |
| 8:12 | Build | Barracks |
| 8:13 | Build | House |
| 8:38 | Build | House |
| 8:40 | Build | Palisade Wall |
| 8:50 | Build | Palisade Wall |
| 8:57 | Create | Villager (Male) |
| 8:57 | Create | Villager (Male) |
| 9:09 | Build | House |
| 9:20 | Create | Villager (Male) |
| 9:32 | Build | Stable |
| 9:36 | Create | Spearman |
| 9:37 | Create | Villager (Male) |
| 9:59 | Create | Villager (Male) |
| 10:10 | Create | Villager (Male) |
| 10:16 | Build | House |
| 10:19 | Build | Palisade Wall |
| 10:27 | Build | Blacksmith |
| 10:31 | Build | House |
| 10:32 | Create | Scout Cavalry |
| 10:32 | Create | Scout Cavalry |
| 10:40 | Build | House |
| 10:43 | Build | Palisade Wall |
| 10:50 | Create | Scout Cavalry |
| 11:12 | Build | Farm |
| 11:13 | Build | Farm |
| 11:16 | Build | Farm |
| 11:21 | Build | Farm |
| 11:23 | Create | Villager (Male) |
| 11:36 | Build | Farm |
| 11:53 | Build | Farm |
| 11:56 | Build | Farm |
| 11:58 | Create | Villager (Male) |
| 12:19 | Create | Villager (Male) |
| 12:58 | Build | House |
| 12:59 | Build | House |
| 13:13 | Create | Villager (Male) |
| 13:13 | Create | Villager (Male) |
| 13:15 | Build | Farm |
| 13:17 | Build | Farm |
| 13:20 | Build | Farm |
| 13:54 | Create | Villager (Male) |
| 13:56 | Create | Villager (Male) |
| 14:00 | Build | Lumber Camp |
| 14:07 | Build | Farm |
| 14:10 | Build | Farm |
| 14:34 | Build | Farm |
| 14:58 | Create | Villager (Male) |
| 14:58 | Create | Villager (Male) |
| 15:02 | Build | Farm |
| 15:19 | Create | Villager (Male) |
| 15:19 | Create | Villager (Male) |
| 15:22 | Build | Farm |
| 15:24 | Build | Farm |
| 15:31 | Build | Market |
| 15:44 | Create | Villager (Male) |
| 15:55 | Build | Mining Camp |
| 16:03 | Build | Farm |
| 16:11 | Build | House |
| 16:38 | Build | Palisade Wall |
| 16:43 | Create | Villager (Male) |
| 17:05 | Create | Villager (Male) |
| 17:22 | Build | House |
| 17:29 | Build | Palisade Wall |
| 17:33 | Create | Villager (Male) |
| 17:45 | Build | House |
| 17:49 | Build | House |
| 18:01 | Create | Villager (Male) |
| 18:17 | Create | Villager (Male) |
| 18:21 | Build | Farm |
| 18:24 | Build | Farm |
| 18:34 | Research | Castle Age |
| 18:35 | Research | Castle Age |
| 18:44 | Research | Wheelbarrow |
| 18:44 | Create | Villager (Male) |
| 18:48 | Research | Forging |
| 19:18 | Build | Lumber Camp |
| 19:23 | Research | Double-Bit Axe |
| 19:26 | Research | Gold Mining |
| 19:34 | Build | Stable |
| 19:40 | Build | Stable |
| 19:49 | Build | House |
| 20:14 | Build | House |
| 20:22 | Research | Scale Barding Armor |
| 20:54 | Build | House |
| 21:19 | Research | Chain Barding Armor |
| 21:19 | Research | Chain Barding Armor |
| 21:22 | Research | Husbandry |
| 21:23 | Create | Knight |
| 21:44 | Build | House |
| 21:53 | Create | Knight |
| 21:53 | Create | Knight |
| 22:02 | Create | Knight |
| 22:03 | Create | Knight |
| 22:11 | Create | Villager (Male) |
| 22:18 | Build | Town Center |
| 22:26 | Create | Villager (Male) |
| 22:26 | Create | Villager (Male) |
| 22:31 | Create | Knight |
| 22:31 | Create | Knight |
| 22:31 | Create | Knight |
| 22:51 | Create | Villager (Male) |
| 23:08 | Create | Knight |
| 23:08 | Create | Knight |
| 23:37 | Create | Knight |
| 23:37 | Create | Knight |
| 23:38 | Create | Knight |
| 23:38 | Create | Knight |
| 23:57 | Create | Knight |
| 23:57 | Create | Knight |
| 25:01 | Create | Villager (Male) |
| 25:01 | Create | Villager (Male) |
| 25:02 | Create | Villager (Male) |
| 25:02 | Create | Villager (Male) |
| 25:02 | Create | Villager (Male) |
| 25:02 | Create | Villager (Male) |
| 25:03 | Create | Villager (Male) |
| 25:08 | Build | Farm |
| 25:10 | Build | Farm |
| 25:12 | Build | Farm |
Match timeline
| 8:05 | pozzamate · first_building Barracks |
| 8:12 | giorgiosgl5685 · first_building Barracks |
| 8:40 | giorgiosgl5685 · wall_segment Palisade Wall x8 |
| 8:50 | giorgiosgl5685 · wall_segment Palisade Wall x1 |
| 9:32 | giorgiosgl5685 · first_building Stable |
| 9:41 | pozzamate · age_up feudal |
| 9:54 | pozzamate · first_building Stable |
| 10:19 | giorgiosgl5685 · wall_segment Palisade Wall x14 |
| 10:43 | giorgiosgl5685 · wall_segment Palisade Wall x4 |
| 16:38 | giorgiosgl5685 · wall_segment Palisade Wall x1 |
| 17:29 | giorgiosgl5685 · wall_segment Palisade Wall x1 |
| 20:59 | pozzamate · wall_segment Stone Wall x5 |
| 21:17 | pozzamate · wall_segment Stone Wall x23 |
| 21:34 | pozzamate · age_up castle |
| 23:27 | pozzamate · wall_segment Stone Wall x14 |
| 23:35 | giorgiosgl5685 · first_market_sell 100 food |
| 28:30 | pozzamate · wall_segment Palisade Wall x1 |
| 28:33 | pozzamate · wall_segment Palisade Wall x1 |
| 28:36 | pozzamate · wall_segment Palisade Wall x1 |
| 28:38 | pozzamate · wall_segment Palisade Wall x1 |
| 29:18 | pozzamate · wall_segment Stone Wall x10 |
| 29:57 | pozzamate · wall_segment Stone Wall x9 |
| 30:39 | pozzamate · first_building Siege Workshop |
| 31:36 | giorgiosgl5685 · first_building Castle |
| 31:53 | pozzamate · wall_segment Stone Wall x6 |
| 32:29 | pozzamate · first_market_buy 100 wood |
| 35:11 | giorgiosgl5685 · wall_segment Palisade Wall x1 |
| 35:16 | giorgiosgl5685 · wall_segment Palisade Wall x1 |
| 35:38 | giorgiosgl5685 · wall_segment Palisade Wall x1 |
| 39:57 | giorgiosgl5685 · resign |
[ AI ANALYSIS · 1 CREDIT ]
What really happened in this match?
Wolo.gg analyzes every decision: build order, eco, micro, common mistakes by bracket. Personalized analysis on WhatsApp or Discord in 30 seconds.
Civ guide
Huns
Perfil
Jugador #2709455